 Dungeon Crawl Stone Soup version 0.30-a0-737-gf23d94013f (webtiles) character file.

Game seed: 4936536403674111637

137 M4edhros the Insei (level 5, -1/33 HPs)
             Began as an Octopode Transmuter on Feb 2, 2023.
             Slain by a goblin
             ... wielding a +0 club
             ... led by Robin
              (6 damage)
             ... on level 4 of the Dungeon.
             The game lasted 00:01:51 (876 turns).

M4edhros the Insei (Octopode Transmuter)             Turns: 876, Time: 00:01:52

Health: -1/33      AC:  1    Str:  8 (9)  XL:     5   Next: 20%
Magic:  8/8        EV: 13    Int: 14 (16) God:
Gold:   35         SH:  0    Dex: 12 (14) Spells: 4/8 levels left

rFire   + . .      SeeInvis .      - Unarmed
rCold   x . .      Faith    .    (no shield)
rNeg    . . .      Spirit   .    (helmet restricted)
rPois   +          Reflect  .    (no amulet)
rElec   .          Harm     .    d - ring of poison resistance
rCorr   .          Rampage  .    a - ring of fire
Will    .....                    (no ring)
Stlth   ++                       (no ring)
HPRegen 0.25/turn                (no ring)
MPRegen 0.11/turn                (no ring)
                                 (no ring)
                                 (no ring)

@: attractive
A: almost no armour, amphibious, 8 rings, camouflage 1, gelatinous body 1,
(nimble swimmer 1), tentacles
a: no special abilities


You were on level 4 of the Dungeon.
You visited 1 branch of the dungeon, and saw 4 of its levels.

You collected 35 gold pieces.

Inventory:

Armour
 e - a +0 kite shield
Jewellery
 a - a ring of fire (right tentacle)
 d - a ring of poison resistance (left tentacle)
Scrolls
 b - a scroll of teleportation {unknown}
 c - a scroll of amnesia {unknown}
 f - a scroll of brand weapon {unknown}
 i - a scroll of enchant armour {unknown}


   Skills:
 + Level 1.0 Fighting
 + Level 2.0 Dodging
 * Level 4.5 Unarmed Combat
 - Level 2.0 Spellcasting
 + Level 3.9 Transmutations
 + Level 0.1 Poison Magic


You had 4 spell levels left.
You knew the following spells:

 Your Spells              Type           Power      Damage    Failure   Level
a - Beastly Appendage     Tmut           24%        N/A       4%          1
b - Spider Form           Tmut/Pois      7%         N/A       30%         3

Your spell library contained the following spells:

 Spells                   Type           Power      Damage    Failure   Level
 Wereblood                Tmut           12%        N/A       7%          2
 Ice Form                 Ice/Tmut       6%         N/A       71%         4


Dungeon Overview and Level Annotations

Branches:
Dungeon (4/15)
 Temple: D:4-7

Altars:

Annotations:
D:4 Robin


Innate Abilities, Weirdness & Mutations

You cannot wear most types of armour.
You are amphibious.
You can wear up to eight rings at the same time.
Your skin changes colour to match your surroundings (Stealth+).
Your rubbery body absorbs attacks. (AC +1, EV +1)
((You are camouflaged when in or above water. (Stealth+)))
You have tentacles for arms and can constrict up to eight enemies at once.


Message History

The goblin is heavily wounded.
You tentacle-slap the goblin.
You kill the goblin!
A goblin comes into view. It is wielding a +0 club.
The goblin shoots a sling bullet.
The sling bullet hits you. The hobgoblin completely misses you.
Robin of the Strong Arm comes into view.
They are wielding a +0 spear and carrying a wand of flame (17).
The goblin unwields a +0 sling.
The goblin wields a +0 rapier.
The goblin hits you with a +0 rapier.
Items here: $ )) ††.
You closely miss the hobgoblin. You grab the hobgoblin.
You squeeze the hobgoblin.
The hobgoblin is lightly wounded.
You constrict the hobgoblin. The hobgoblin hits you.
The goblin barely misses you.
You tentacle-slap the hobgoblin.
You kill the hobgoblin!
Robin roars a battlecry!
The goblins go into a battle-frenzy!
The goblin closely misses you.
You tentacle-slap the goblin but do no damage.
You grab the goblin. You constrict the goblin.
The goblin hits you with a +0 club. The goblin hits you with a +0 rapier!
* * * LOW HITPOINT WARNING * * *
You are too injured to fight recklessly!
You are too injured to fight recklessly!
You are too injured to fight recklessly!
Okay, then.
You release your grip on the goblin.
The goblin attacks as you move away! The goblin hits you with a +0 club.
* * * LOW HITPOINT WARNING * * *
The goblin attacks as you move away! The goblin closely misses you.
It was a potion of degeneration.
There was something very wrong with that liquid.
You feel weakened.
You feel dopey.
You feel clumsy.
A goblin comes into view. It is wielding a +0 club.
It was a potion of attraction.
You feel attractive to monsters. The goblin completely misses you.
The goblin hits you with a +0 club.
You die...

## #.##..... .#.###
...#..... ..).# ##
#........ #....#.
#.# ###### ..
#..#..# #.# .....#.
. #..##.# #.#
.♣♣♣g#g### ##.....#
#.# ♣.'ggg#
#..##..## #.#
#g###.####..####.#
#g@#..# #.....#.#
##.#†#####..##.#.##
#.......##.##.....
###.###.....###.#.
.... ........#.
##.####......####
#.# ###.#....## ..#
#.#..#... .##
#.#..#...


You could see Robin, a hobgoblin (strong) and 5 goblins.

Vanquished Creatures
  A phantom (D:3)
  An iguana (D:4)
  4 endoplasms
  3 giant cockroaches
  3 goblins
  5 hobgoblins
  2 jackals (D:1)
  4 kobolds
  4 quokkas
  3 bats (D:1)
  3 rats
33 creatures vanquished.

Notes
Turn   | Place    | Note
-------+----------+-------------------------------------------
     0 | D:1      | M4edhros the Octopode Transmuter began the quest for the
                  | Orb.
     0 | D:1      | Reached XP level 1. HP: 13/13 MP: 3/3
   105 | D:1      | Reached XP level 2. HP: 17/18 MP: 5/5
   469 | D:3      | Reached XP level 3. HP: 23/23 MP: 6/6
   575 | D:3      | Noticed a phantom
   600 | D:3      | Killed a phantom
   601 | D:3      | Reached skill level 4 in Unarmed Combat
   601 | D:3      | Reached XP level 4. HP: 4/28 MP: 7/7
   802 | D:4      | Reached XP level 5. HP: 28/33 MP: 8/8
   806 | D:4      | Learned a level 3 spell: Spider Form
   870 | D:4      | Noticed Robin
   876 | D:4      | Slain by a goblin

Illustrated notes

Levels and vault maps discovered:
D:1:      shiori_arrival_oz, layout_rooms
D:2:      layout_basic
D:3:      layout_loops_ring, basic_ecumenical_altar
D:4:      layout_rooms, mainiacjoe_overflow_alcove_4, uniq_ijyb, uniq_robin

Skill      XL: |  1  2  3 |
---------------+----------+-----
Unarmed Combat | 4 |  4.5
Transmutations | 3 |  3.9
Fighting       | |  1.0
Dodging        | |  2.0
Spellcasting   | |  2.0
Poison Magic   | |  0.1

Action                     |  1- 3 |  4- 6 || total
---------------------------+-------+-------++-------
  Melee: Unarmed           |    74 |    14 ||    88
         Constrict         |    14 |     4 ||    18
         Tentacles         |    15 |     3 ||    18
         Punch             |     1 |       ||     1
         Kick              |     1 |       ||     1
   Cast: Beastly Appendage |     1 |       ||     1
    Use: Potion            |     1 |     2 ||     3
   Stab: Sleeping          |     6 |     1 ||     7
 Armour: Skin              |    11 |       ||    11
  Dodge: Dodged            |    50 |    11 ||    61

Table legend: (Time is in decaauts)
 A = Elapsed time spent in this place.
 B = Non-inter-level travel time spent in this place.
 C = Inter-level travel time spent in this place.
 D = Time resting spent in this place.
 E = Time spent auto-exploring this place.
 F = Levels seen in this place.
 G = Mean time per level.
                   A        B        C        D        E       F      G
               +--------+--------+--------+--------+--------+-----+--------+
         Total |    869 |    796 |     73 |    107 |    432 |   4 |  217.2 |
       Dungeon |    869 |    796 |     73 |    107 |    432 |   4 |  217.2 |
               +--------+--------+--------+--------+--------+-----+--------+

Top non-repeatable levels by time:
     D:3: 492 daAuts
     D:1: 192 daAuts
     D:4: 102 daAuts
     D:2: 82 daAuts
